 Dungeon Crawl Stone Soup version 0.29-a0-362-g5854e031c7 (webtiles) character file.

Game seed: 13750379265220705697

2 ytrimaz the Insei (level 1, -2/13 HPs)
             Began as an Octopode Transmuter on Apr 29, 2022.
             Slain by a gnoll
             ... wielding a +0 club
              (9 damage)
             ... on level 1 of the Dungeon.
             The game lasted 00:00:14 (99 turns).

ytrimaz the Insei (Octopode Transmuter)               Turns: 99, Time: 00:00:14

Health: -2/13      AC:  1    Str:  9    XL:     1   Next: 30%
Magic:  2/3        EV: 13    Int: 15    God:
Gold:   0          SH:  0    Dex: 12    Spells: 3/4 levels left

rFire   . . .      SeeInvis .     - Unarmed
rCold   . . .      Faith    .   (no shield)
rNeg    . . .      Spirit   .   (helmet currently unavailable)
rPois   .          Reflect  .   (no amulet)
rElec   .          Harm     .   (no ring)
rCorr   .          Rampage  .   (no ring)
Will    .....                   (no ring)
Stlth   ++........              (no ring)
HPRegen 0.04/turn               (no ring)
MPRegen 0.08/turn               (no ring)
                                (no ring)
                                (no ring)

@: appendages
A: tentacle spike 3, almost no armour, amphibious, 8 rings, camouflage 1,
gelatinous body 1, (nimble swimmer 1), tentacles
a: End Transformation


You were on level 1 of the Dungeon.
One of your tentacles had grown a beastly spike.
You visited 1 branch of the dungeon, and saw 1 of its levels.

Inventory:

Jewellery
 c - an amulet of guardian spirit
Scrolls
 b - a scroll of identify {unknown}
Potions
 a - a potion of lignification


   Skills:
 + Level 1.0 Fighting
 - Level 2.1 Dodging
 + Level 3.0 Unarmed Combat
 * Level 2.0 Spellcasting
 * Level 2.0 Transmutations


You had 3 spell levels left.
You knew the following spells:

 Your Spells              Type           Power      Damage    Failure   Level
a - Beastly Appendage     Tmut           14%        N/A       10%         1

Your spell library contained the following spells:

 Spells                   Type           Power      Damage    Failure   Level
 Wereblood                Tmut           7%         N/A       14%         2
 Spider Form              Tmut/Pois      4%         N/A       41%         3
 Ice Form                 Ice/Tmut       4%         N/A       82%         4


Dungeon Overview and Level Annotations

Branches:
Dungeon (1/15)

Altars:


Innate Abilities, Weirdness & Mutations

One of your tentacles has grown a beastly spike.
You cannot wear most types of armour.
You are amphibious.
You can wear up to eight rings at the same time.
Your skin changes colour to match your surroundings (Stealth+).
Your rubbery body absorbs attacks. (AC +1, EV +1)
((You are camouflaged when in or above water. (Stealth+)))
You have tentacles for arms and can constrict up to eight enemies at once.


Message History

A bat is nearby!
One of your tentacles grows a vicious spike.
The bat hits you but does no damage. x2
You closely miss the bat. You grab the bat. You constrict the bat.
The bat misses you.
You barely miss the bat.
The bat is heavily wounded.
You constrict the bat. The bat hits you. The bat hits you but does no damage.
You tentacle-slap the bat.
You pierce the bat, but do no damage.
You squeeze the bat, but do no damage.
The bat is severely wounded.
You constrict the bat.
You kill the bat!
You see here a bat corpse.
You see here a bat corpse.
Your transformation is almost over.
Magic restored.
Your tentacle spike disappears.
HP restored.
b - a scroll labelled YCKUSO PAIKHLYRPH
Found a stone staircase leading down.
c - an amulet of guardian spirit A bat comes into view.
A kobold comes into view. It is wielding a +0 dagger.
The kobold shouts!
One of your tentacles grows a vicious spike.
The bat hits you but does no damage. The kobold hits you with a +0 dagger.
You tentacle-slap the kobold.
You kill the kobold!
The bat hits you but does no damage. The bat hits you.
A gnoll comes into view. It is wielding a +0 club.
You barely miss the bat.
The gnoll shouts!
Your grab misses the bat. The bat closely misses you. The bat hits you.
A bat comes into view.
The gnoll hits you with a +0 club!
Ouch! That really hurt!
You die... #.#.......## # ... #.##.##....### PPP #............. .PPP #..#.##....### b.PP.

#..........+..
...P.######...###....#.#
...P......#...# #....#.#
P.....g.#.#...# #....#
PP..##@#)#...# ######
......b...#...#
#.............#
##.......###..#
#........ #..#
#.........#..#
#......... ..#
#.........#...
....##.#..#....


You could see a gnoll and 2 bats.

Vanquished Creatures
  A bat (D:1)
  A kobold (D:1)
2 creatures vanquished.

Notes
Turn   | Place    | Note
-------+----------+-------------------------------------------
     0 | D:1      | ytrimaz the Octopode Transmuter began the quest for the
                  | Orb.
     0 | D:1      | Reached XP level 1. HP: 13/13 MP: 3/3
    99 | D:1      | Slain by a gnoll

Illustrated notes

Levels and vault maps discovered:
D:1:      wander_arrival_chamber, layout_basic, serial_shops, shop,
          nicolae_grassy_gnolls

Action                   || total
-------------------------++-------
Melee: Unarmed           ||     5
       Constrict         ||     1
       Kick              ||     1
       Tentacles         ||     1
 Cast: Beastly Appendage ||     2
Armor: Skin              ||     5
Dodge: Dodged            ||     2

Table legend: (Time is in decaauts)
 A = Elapsed time spent in this place.
 B = Non-inter-level travel time spent in this place.
 C = Inter-level travel time spent in this place.
 D = Time resting spent in this place.
 E = Time spent auto-exploring this place.
 F = Levels seen in this place.
 G = Mean time per level.
                   A        B        C        D        E       F      G
               +--------+--------+--------+--------+--------+-----+--------+
         Total |     98 |     98 |      0 |      0 |     72 |   1 |   98.0 |
       Dungeon |     98 |     98 |      0 |      0 |     72 |   1 |   98.0 |
               +--------+--------+--------+--------+--------+-----+--------+

Top non-repeatable levels by time:
     D:1: 98 daAuts
